 Dungeon Crawl Stone Soup version 0.23-a0-554-gd3cbc84 (webtiles) character file.

850 galech the Chopper (level 7, -2/54 HPs)
             Began as a Demonspawn Fighter on Dec 10, 2018.
             Slain by a killer bee (7 damage)
             ... on level 5 of the Dungeon.
             The game lasted 00:06:37 (4479 turns).

galech the Chopper (Demonspawn Fighter)             Turns: 4479, Time: 00:06:37

Health: -2/54      AC:  8    Str: 17    XL:     7   Next: 69%
Magic:  7/7        EV:  8    Int:  9    God:
Gold:   292        SH:  9    Dex: 14    Spells: 6/6 levels left

rFire    . . .     SeeInvis .   a - +0 war axe
rCold    . . .     Gourm    +   c - +0 shield
rNeg     . . .     Faith    .   b - +0 scale mail
rPois    .         Spirit   .   (helmet restricted)
rElec    .         Reflect  .   (no cloak)
rCorr    .         Harm     .   l - +0 pair of gloves
MR       .....                  (no boots)
Stlth    ++........             k - amulet of the gourmand
HPRegen  0.18/turn              (no ring)
MPRegen  0.10/turn              (no ring)

@: lethally poisoned (-2 -> -9)
A: antennae 1, nightstalker 2, powered by pain 2
a: no special abilities


You were on level 5 of the Dungeon.
You were not hungry.

You visited 1 branch of the dungeon, and saw 5 of its levels.

You collected 292 gold pieces.

Inventory:

Hand Weapons
 a - a +0 war axe (weapon)
Armour
 b - a +0 scale mail (worn)
 c - a +0 shield (worn)
 l - a +0 pair of gloves (worn)
Jewellery
 k - an amulet of the gourmand (around neck)
Wands
 d - a wand of disintegration (17)
 u - a wand of random effects (8)
 y - a wand of paralysis (17)
Scrolls
 h - a scroll of noise
 m - a scroll of amnesia
 q - 2 scrolls of magic mapping {unknown}
 r - a scroll of enchant armour {unknown}
 s - 3 scrolls of fear
 w - a scroll of teleportation {unknown}
 z - a scroll of immolation {unknown}
Potions
 e - 3 potions of mutation {unknown}
 j - 3 potions of berserk rage {unknown}
 n - 2 potions of flight {unknown}
 o - 2 potions of ambrosia {unknown}
 p - a potion of resistance {unknown}
 t - a potion of degeneration {unknown}
 v - a potion of lignification {unknown}
Comestibles
 f - 7 rations


   Skills:
 + Level 4.0 Fighting
 + Level 5.5 Axes
 + Level 4.3 Armour
 + Level 1.5 Dodging
 + Level 1.3 Stealth
 + Level 4.3 Shields


You had 6 spell levels left.
You didn't know any spells.
Your spell library was empty.

Dungeon Overview and Level Annotations

Branches:
Dungeon (5/15)
 Temple: D:4-7

Altars:
Ashenzari


Innate Abilities, Weirdness & Mutations

You have a pair of small antennae on your head.
You are significantly more attuned to the shadows.
You sometimes gain power by taking damage.


Message History

You kill the killer bee!
You feel sick. The killer bee stings you.
The killer bee stings you but does no damage.
You closely miss the killer bee.
You feel sick. You block the killer bee's attack.
The killer bee closely misses you. The killer bee stings you!
* * * LOW HITPOINT WARNING * * *
You closely miss the killer bee.
* * * LOW HITPOINT WARNING * * *
You feel sick. You block the killer bee's attack.
The killer bee stings you but does no damage.
You miss the killer bee.
* * * LOW HITPOINT WARNING * * *
You feel sick. You block the killer bee's attack.
The killer bee closely misses you.
The killer bee stings you but does no damage.
Your shield and scale mail prevent you from hitting the killer bee.
* * * LOW HITPOINT WARNING * * *
You feel sick. The killer bee stings you!
You die...

.........##. #.#####..
##.......... #........
......%..... .........
..........########
####.....
........#.>......### #.....
........#
######...#####....
........### #..........##
..........######..........#
.......#.y@..............#
.......########).........#
.......# ############
########


You could see a killer bee.

Vanquished Creatures
  A black bear (D:4)
  2 ogres (D:4)
  2 killer bees (D:5)
  A howler monkey (D:2)
  A hound (D:4)
  A centaur skeleton (D:5)
  3 orc priests (D:4)
  3 orc wizards (D:4)
  A worker ant (D:4)
  A worker ant zombie (D:5)
  9 adders
  3 gnolls (D:1)
  2 oozes (D:3)
  An adder zombie (D:5)
  A worm (D:2)
  2 leopard geckos
  8 orcs
  4 giant cockroaches
  10 hobgoblins
  A quokka (D:1)
  10 bats
  6 frilled lizards
  5 goblins
  13 kobolds
  8 rats
99 creatures vanquished.

Notes
Turn   | Place    | Note
-------+----------+-------------------------------------------
     0 | D:1      | galech the Demonspawn Fighter began the quest for the Orb.
     0 | D:1      | Reached XP level 1. HP: 18/18 MP: 1/1
   136 | D:1      | Reached skill level 2 in Axes
   136 | D:1      | Gained mutation: You sometimes gain a little power by
                  | taking damage. [demonic ancestry]
   136 | D:1      | Reached XP level 2. HP: 21/24 MP: 2/2
   348 | D:1      | Gained mutation: You sometimes gain power by taking damage.
                  | [demonic ancestry]
   348 | D:1      | Reached XP level 3. HP: 29/29 MP: 3/3
  1352 | D:1      | Reached XP level 4. HP: 25/35 MP: 4/4
  1520 | D:2      | Reached skill level 3 in Axes
  1543 | D:2      | Gained mutation: You are slightly more attuned to the
                  | shadows. [demonic ancestry]
  1543 | D:2      | Reached XP level 5. HP: 23/41 MP: 5/5
  2747 | D:3      | Reached skill level 1 in Dodging
  2782 | D:3      | Found a shattered altar of Ashenzari.
  3026 | D:4      | Reached skill level 1 in Stealth
  3049 | D:4      | Gained mutation: You are significantly more attuned to the
                  | shadows. [demonic ancestry]
  3049 | D:4      | Reached XP level 6. HP: 8/47 MP: 6/6
  3387 | D:4      | Reached skill level 4 in Axes
  3794 | D:4      | Gained mutation: You have a pair of small antennae on your
                  | head. [demonic ancestry]
  3794 | D:4      | Reached XP level 7. HP: 43/53 MP: 7/7
  3798 | D:4      | Identified the +0 ring mail of Insatiable Hunger {MR+
                  | Int+6}
  4091 | D:4      | Reached skill level 5 in Axes
  4356 | D:5      | Entered Level 5 of the Dungeon
  4479 | D:5      | Slain by a killer bee

Vault maps used:
D:1:      matt_arrival_spirals
D:2:      first_ration
D:3:      st_stairs_7, cheibrodos_ashenzari_chains
D:4:      kennysheep_nondescript
D:5:      serial_rivers, chequers_serial_rivers_micro_c,
          chequers_serial_rivers_micro_e, chequers_serial_rivers_small_3,
          chequers_serial_rivers_room_a, chequers_serial_rivers_marsh,
          chequers_serial_rivers_micro_e, serial_shops, shop

Skill      XL: |  1  2  3  4  5  6  7 |
---------------+----------------------+-----
Axes           | 2 3 4 5 |  5.5
Shields        | 3 4 |  4.3
Armour         | 3 4 |  4.3
Dodging        | 1 |  1.5
Stealth        | 1 |  1.3
Fighting       | 4 |  4.0

Action                   |  1- 3 |  4- 6 |  7- 9 || total
-------------------------+-------+-------+-------++-------
Melee: War axe           |   160 |   171 |    82 ||   413
  Use: Potion            |       |     1 |       ||     1
       Scroll            |       |       |     6 ||     6
 Stab: Sleeping          |       |     1 |     1 ||     2
       Distracted        |       |     1 |       ||     1
  Eat: Chunk             |     2 |     7 |     7 ||    16
Armor: Scale mail        |   115 |    81 |    61 ||   257
Dodge: Dodged            |    54 |    65 |    49 ||   168
Block: Shield            |    98 |    86 |    61 ||   245

Table legend:
 A = Non-vault XP
 B = Vault XP
 C = Vault XP percentage of total XP
 D = Non-vault monster count
 E = Vault monster count
 F = Vault count percentage of total count
                 A         B        C        D         E       F
            +---------+---------+-------+---------+---------+-------
      Total |    1201 |      14 |   1.2 |      98 |       1 |   1.0
            +---------+---------+-------+---------+---------+-------
        D:1 |      92 |       0 |   0.0 |      34 |       0 |   0.0
        D:2 |     107 |       0 |   0.0 |      20 |       0 |   0.0
        D:3 |      82 |      14 |  14.6 |      16 |       1 |   5.9
        D:4 |     735 |       0 |   0.0 |      23 |       0 |   0.0
        D:5 |     185 |       0 |   0.0 |       5 |       0 |   0.0
            +---------+---------+-------+---------+---------+-------
